 Dungeon Crawl Stone Soup version 0.30.0-15-g856e2d3f33 (webtiles) character file.

Game seed: 16724511779386457489

3051 Renzlar the Blocker (level 9, -2/111 HPs)
             Began as a Gnoll Fighter on May 18, 2023.
             Was a Believer of Okawaru.
             Slain by a hornet (9 damage)
             ... on level 8 of the Dungeon.
             The game lasted 00:23:45 (6853 turns).

Renzlar the Blocker (Gnoll Fighter)                 Turns: 6853, Time: 00:23:46

Health: -2/111     AC:  9    Str: 20    XL:     9   Next: 87%
Magic:  16/16      EV: 11    Int:  7    God:    Okawaru [**....]
Gold:   331        SH:  6    Dex: 12    Spells: 17/17 levels left

rFire   . . .        a - +2 war axe (vamp)
rCold   . . .        A - +0 buckler
rNeg    . . .        b - +0 scale mail
rPois   .            o - +0 helmet
rElec   .            (no cloak)
rCorr   .            (no gloves)
SInv    .            (no boots)
Will    .....        (no amulet) Stlth
                     (no ring)
HPRegen 0.38/turn    (no ring)
MPRegen 0.15/turn

%: no passive effects
@: berserking (expiring), lethally poisoned (-2 -> -13), slowed
A: fangs 1, strong nose, distributed training
a: Renounce Religion, Heroism


You were on level 8 of the Dungeon.
You worshipped Okawaru.
Okawaru was pleased with you.
You visited 2 branches of the dungeon, and saw 9 of its levels.

You collected 331 gold pieces.

Inventory:

Hand Weapons
 a - a +2 vampiric war axe (weapon)
 c - a +0 sling
 t - a +3 flail
 u - a +2 short sword of electrocution
 w - a +4 dagger
 y - a +2 trident of venom
Missiles
 l - 13 poisoned darts
 p - a javelin (quivered)
Armour
 b - a +0 scale mail (worn)
 o - a +0 helmet (worn)
 A - a +0 buckler (worn)
Wands
 h - a wand of digging (7)
 s - a wand of iceblast (17)
Scrolls
 r - 2 scrolls of enchant weapon
 v - a scroll of fog
 x - a scroll of amnesia
Potions
 d - 2 potions of attraction {unknown}
 f - 3 potions of mutation {unknown}
 g - 4 potions of degeneration
 i - 4 potions of curing
 j - 2 potions of lignification {unknown}
 k - a potion of invisibility {unknown}
 m - a potion of brilliance {unknown}
 n - a potion of berserk rage
 q - a potion of flight {unknown}
 z - a potion of cancellation {unknown}


   Skills:
 + Level 8.2 Fighting
 + Level 4.8 Short Blades
 + Level 4.8 Long Blades
 + Level 6.7 Axes
 + Level 4.8 Maces & Flails
 + Level 4.8 Polearms
 + Level 4.8 Staves
 + Level 4.8 Ranged Weapons
 + Level 4.8 Throwing
 + Level 8.2 Armour
 + Level 4.8 Dodging
 + Level 4.8 Stealth
 + Level 8.2 Shields
 + Level 4.8 Unarmed Combat
 + Level 4.8 Spellcasting
 + Level 4.0 Conjurations
 + Level 4.0 Hexes
 + Level 4.0 Summonings
 + Level 4.0 Necromancy
 + Level 4.0 Translocations
 + Level 4.0 Transmutations
 + Level 4.0 Fire Magic
 + Level 4.0 Ice Magic
 + Level 4.0 Air Magic
 + Level 4.0 Earth Magic
 + Level 4.0 Poison Magic
 + Level 5.3 Invocations
 + Level 4.8 Evocations


You had 17 spell levels left.
You didn't know any spells.
Your spell library contained the following spells:

 Spells                   Type           Power      Damage    Failure   Level
 Shock                    Conj/Air       28%        1d4       17%         1
 Gell's Gravitas          Tloc           7%         N/A       45%         3
 Swiftness                Air            7%         N/A       45%         3
 Teleport Other           Tloc           7%         N/A       45%         3
 Airstrike                Air            3%         2d(1-17)  86%         4
 Leda's Liquefaction      Hex/Erth       3%         N/A       86%         4
 Blade Hands              Tmut           3%         N/A       99%         5
 Irradiate                Conj/Tmut      3%         3d12      99%         5
 Lee's Rapid Deconstruct  Erth           3%         3d5*      99%         5
 Dispersal                Tloc           3%         N/A       100%        6
 Statue Form              Tmut/Erth      4%         N/A       100%        6
 Dragon Form              Tmut           3%         N/A       100%        7


Dungeon Overview and Level Annotations

Branches:
Dungeon (8/15)             Temple (1/1) D:5
   Lair: D:8-11

Altars:
Ashenzari
Dithmenos
Elyvilon
Fedhas
Hepliaklqana
Kikubaaqudgha
Makhleb
Okawaru
Qazlal
Ru
Trog
Vehumet
Wu Jian
Yredelemnul
Zin
The Shining One


Innate Abilities, Weirdness & Mutations

You have very sharp teeth.
Your uncanny sense of smell can sniff out nearby items.
Your experience applies equally to all skills.


Message History

A red film seems to cover your vision as you go berserk!
You feel yourself moving faster!
You feel mighty! The hornet stings you!
You feel as though you will be slow longer.
You block the hornet's attack.
The hornet stings you but does no damage.
You closely miss the hornet. Your bite misses the hornet.
The hornet closely misses you.
You slash the hornet!
You feel better.
The hornet is moderately wounded.
The hornet closely misses you. The hornet stings you.
You feel as though you will be slow longer.
You barely miss the hornet.
The hornet is moderately wounded.
You block the hornet's attack. The hornet stings you!
You are poisoned.
You suddenly lose the ability to move!
You feel very sick. The hornet stings you.
* * * LOW HITPOINT WARNING * * *
You feel as though you will be slow longer.
You feel sick. The hornet stings you!
* * * LOW HITPOINT WARNING * * *
You shrug off the repeated paralysis!
The hornet stings you.
* * * LOW HITPOINT WARNING * * *
You feel as though you will be slow longer.
You can move again.
Unknown command.
You slash the hornet!
You feel better.
Your bite misses the hornet.
The hornet is severely wounded.
You feel sick. You block the hornet's attack. The hornet stings you!
* * * LOW HITPOINT WARNING * * *
You are lethally poisoned!
You shrug off the repeated paralysis!
Unknown command.
You barely miss the hornet.
The hornet is severely wounded.
* * * LOW HITPOINT WARNING * * *
You feel very sick. The hornet stings you!
You die...

.. ...
######.##.. .
#........#
..###........###
................
#......./.#
#......^..###
##......[...##
#...@y......#
#...#####!....
#...# #... ∆
..[..# .
.......#
..)..... .......
(...... ∆


You could see a hornet.

Vanquished Creatures
  Joseph (D:8)
  Grinder (D:3)
  Sigmund (D:4)
  A steam dragon (D:7)
  2 orc warriors
  2 black bears
  2 ice beasts
  An ogre (D:7)
  A kobold brigand (D:7)
  2 bullfrogs (D:7)
  3 scorpions
  9 wights
  A hound (D:7)
  2 jellies
  2 orc priests (D:7)
  2 sleepcaps
  3 iguanas
  9 orc wizards
  Robin (D:3)
  4 gnolls (D:5)
  7 adders
  An ufetubus (D:5)
  3 worms
  2 dart slugs
  31 orcs
  14 ball pythons
  11 bats
  11 endoplasms
  A giant cockroach (D:2)
  13 goblins
  10 hobgoblins
  7 jackals
  4 quokkas
  A frilled lizard (D:1)
  16 kobolds
  6 rats
188 creatures vanquished.

Notes
Turn   | Place    | Note
-------+----------+-------------------------------------------
     0 | D:1      | Renzlar the Gnoll Fighter began the quest for the Orb.
     0 | D:1      | Reached XP level 1. HP: 23/23 MP: 1/1
   156 | D:1      | Reached XP level 2. HP: 29/29 MP: 2/2
   450 | D:1      | Reached XP level 3. HP: 32/35 MP: 3/3
   738 | D:1      | Reached skill level 1 in Invocations
   887 | D:2      | Reached skill level 1 in Short Blades
   887 | D:2      | Reached skill level 1 in Long Blades
   887 | D:2      | Reached skill level 1 in Maces & Flails
   887 | D:2      | Reached skill level 1 in Polearms
   887 | D:2      | Reached skill level 1 in Staves
   887 | D:2      | Reached skill level 1 in Ranged Weapons
   887 | D:2      | Reached skill level 1 in Throwing
   887 | D:2      | Reached skill level 1 in Dodging
   887 | D:2      | Reached skill level 1 in Stealth
   887 | D:2      | Reached skill level 1 in Unarmed Combat
   887 | D:2      | Reached skill level 1 in Spellcasting
   887 | D:2      | Reached skill level 1 in Evocations
  1096 | D:2      | Reached XP level 4. HP: 36/41 MP: 5/5
  1267 | D:2      | Found a burning altar of Makhleb.
  1751 | D:3      | Reached skill level 1 in Conjurations
  1751 | D:3      | Reached skill level 1 in Hexes
  1751 | D:3      | Reached skill level 1 in Summonings
  1751 | D:3      | Reached skill level 1 in Necromancy
  1751 | D:3      | Reached skill level 1 in Translocations
  1751 | D:3      | Reached skill level 1 in Transmutations
  1751 | D:3      | Reached skill level 1 in Fire Magic
  1751 | D:3      | Reached skill level 1 in Ice Magic
  1751 | D:3      | Reached skill level 1 in Air Magic
  1751 | D:3      | Reached skill level 1 in Earth Magic
  1751 | D:3      | Reached skill level 1 in Poison Magic
  1912 | D:3      | Found a blossoming altar of Fedhas.
  1988 | D:3      | Reached XP level 5. HP: 46/47 MP: 7/7
  2134 | D:3      | Noticed Grinder
  2136 | D:3      | Noticed Robin
  2160 | D:3      | Paralysed by Grinder for 3 turns
  2173 | D:3      | Killed Grinder
  2174 | D:3      | Reached skill level 5 in Axes
  2174 | D:3      | Reached XP level 6. HP: 24/53 MP: 7/9
  2443 | D:3      | Killed Robin
  2651 | D:4      | Noticed Sigmund
  2669 | D:4      | Killed Sigmund
  2670 | D:4      | Reached XP level 7. HP: 39/60 MP: 10/10
  2776 | D:4      | Found a stormy altar of Qazlal.
  3337 | D:5      | Entered Level 5 of the Dungeon
  3364 | D:5      | Found a radiant altar of Vehumet.
  3419 | D:5      | Reached XP level 8. HP: 64/67 MP: 12/12
  3683 | D:5      | Found a burning altar of Makhleb.
  3683 | D:5      | Noticed an Executioner
  3966 | D:5      | Found a staircase to the Ecumenical Temple.
  3972 | Temple   | Entered the Ecumenical Temple
  4140 | Temple   | Became a worshipper of Warmaster Okawaru
  5360 | D:7      | Reached * piety under Okawaru
  5372 | D:7      | Reached XP level 9. HP: 67/73 MP: 14/14
  5890 | D:7      | Found a shadowy altar of Dithmenos.
  5977 | D:7      | Found a glowing golden altar of the Shining One.
  6159 | D:7      | Reached ** piety under Okawaru
  6426 | D:7      | Upgraded the game from 0.30.0-13-g156ef70053 to
                  | 0.30.0-15-g856e2d3f33
  6460 | D:7      | Reached skill level 5 in Invocations
  6687 | D:8      | Noticed Joseph
  6689 | D:8      | Noticed a hornet
  6786 | D:8      | Killed Joseph
  6849 | D:8      | Paralysed by a hornet for 3 turns
  6853 | D:8      | Slain by a hornet

Illustrated notes

Levels and vault maps discovered:
D:1:      reono_arrival_forest_river, layout_loops_ring
D:2:      layout_loops_ring, basic_altar, st_stairs_6
D:3:      layout_rooms, lemuel_tele_altar, columned_hall_lemuel, uniq_grinder,
          uniq_robin
D:4:      layout_basic, marbit_many_paths, uniq_sigmund
D:5:      layout_basic, makhleb_altar_promises_db,
          mainiacjoe_overflow_concentric_impassable, minmay_temple_entry_fiery
D:6:      layout_loops_corners
D:7:      layout_basic, general_overflow_altar, mainiacjoe_overflow_boulevard
D:8:      layout_rooms, grunt_gozag_breadcrumbs, uniq_joseph
Temple:   nicolae_temple_figure_eight

Skill      XL: |  1  2  3  4  5  6  7  8  9 |
---------------+----------------------------+-----
Invocations    | 1 2 3 4 5 |  5.3
Short Blades   | 1 2 3 4 |  4.8
Long Blades    | 1 2 3 4 |  4.8
Maces & Flails | 1 2 3 4 |  4.8
Polearms       | 1 2 3 4 |  4.8
Staves         | 1 2 3 4 |  4.8
Ranged Weapons | 1 2 3 4 |  4.8
Throwing       | 1 2 3 4 |  4.8
Dodging        | 1 2 3 4 |  4.8
Stealth        | 1 2 3 4 |  4.8
Unarmed Combat | 1 2 3 4 |  4.8
Spellcasting   | 1 2 3 4 |  4.8
Evocations     | 1 2 3 4 |  4.8
Conjurations   | 1 2 3 4 |  4.0
Hexes          | 1 2 3 4 |  4.0
Summonings     | 1 2 3 4 |  4.0
Necromancy     | 1 2 3 4 |  4.0
Translocations | 1 2 3 4 |  4.0
Transmutations | 1 2 3 4 |  4.0
Fire Magic     | 1 2 3 4 |  4.0
Ice Magic      | 1 2 3 4 |  4.0
Air Magic      | 1 2 3 4 |  4.0
Earth Magic    | 1 2 3 4 |  4.0
Poison Magic   | 1 2 3 4 |  4.0
Axes           | 5 6 |  6.7
Fighting       | 7 8 |  8.2
Armour         | 7 8 |  8.2
Shields        | 7 8 |  8.2

Action                     |  1- 3 |  4- 6 |  7- 9 || total
---------------------------+-------+-------+-------++-------
  Melee: War axe           |   116 |   128 |   289 ||   533
         Bite              |     9 |     9 |    33 ||    51
         Flail             |       |       |     8 ||     8
         Trident           |       |       |     8 ||     8
   Fire: Sling             |       |       |     2 ||     2
  Throw: Javelin           |       |       |     5 ||     5
 Invoke: Heroism           |       |       |     1 ||     1
    Use: Scroll            |     5 |     2 |     4 ||    11
         Potion            |       |     1 |     4 ||     5
 Armour: Scale mail        |    54 |    44 |   108 ||   206
  Dodge: Dodged            |    53 |    44 |   134 ||   231
  Block: Buckler           |    25 |    27 |    71 ||   123
